 Dungeon Crawl Stone Soup version 0.30-a0-509-gd016549fea (webtiles) character file.

Game seed: 11321241917594656084

17 RegularBeans the Trooper (level 2, 0/24 HPs)
             Began as a Demonspawn Chaos Knight on Dec 22, 2022.
             Was a Plaything of Xom.
             Slain by Sigmund
             ... wielding a +0 scythe
              (5 damage)
             ... on level 2 of the Dungeon.
             The game lasted 00:04:03 (750 turns).

RegularBeans the Trooper (Demonspawn Chaos Knight)   Turns: 750, Time: 00:04:04

Health: 0/24       AC:  5    Str: 12    XL:     2   Next: 44%
Magic:  2/2        EV: 11    Int: 13    God:    Xom [..*...]
Gold:   23         SH:  0    Dex: 12    Spells: 1/1 levels left

rFire   . . .      SeeInvis .    a - +0 falchion (chaos)
rCold   . . .      Faith    .    (no shield)
rNeg    . . .      Spirit   .    b - +2 leather armour
rPois   .          Reflect  .    (no helmet)
rElec   .          Harm     .    (no cloak)
rCorr   .          Rampage  .    (no gloves)
Will    .....                    (no boots)
Stlth   +.........               (no amulet)
HPRegen 0.24/turn                (no ring)
MPRegen 0.08/turn                (no ring)

@: invisible
A: claws 1
a: Renounce Religion


You were on level 2 of the Dungeon.
You worshipped Xom.
You were a toy of Xom.
You visited 1 branch of the dungeon, and saw 2 of its levels.

You collected 23 gold pieces.

Inventory:

Hand Weapons
 a - a +0 falchion of chaos (weapon)
Armour
 b - a +2 leather armour (worn)
Scrolls
 d - a scroll of silence {unknown}
 e - a scroll of enchant armour {unknown}
 h - a scroll of noise {unknown}
 j - a scroll of enchant weapon {unknown}
 k - a scroll of fear {unknown}
Potions
 g - a potion of mutation {unknown}
Miscellaneous
 c - a piece from Xom's chessboard (inert) (quivered)


   Skills:
 + Level 3.1 Fighting
 + Level 3.0 Long Blades
 + Level 2.0 Armour
 + Level 0.8 Dodging
 + Level 0.5 Stealth
 + Level 0.4 Evocations


You had one spell level left.
You didn't know any spells.
Your spell library was empty.

Dungeon Overview and Level Annotations

Branches:
Dungeon (2/15)

Altars:

Shops:
D:1 =

Annotations:
D:2 Sigmund


Innate Abilities, Weirdness & Mutations

You have sharp fingernails.


Message History

You feel less confused.
The kobold hits your butterfly with a +0 dagger.
Your butterfly dies!
Your butterfly disappears in a puff of smoke!
Something barely misses your butterfly.
The kobold hits your butterfly with a +0 dagger.
Your butterfly dies!
Your butterfly disappears in a puff of smoke!
Something hits you.
You swap places.
The goblin shoots a sling bullet.
The sling bullet hits you.
You completely miss something. Something hits you.
* * * LOW HITPOINT WARNING * * *
The kobold hits you but does no damage.
The goblin shoots a sling bullet.
You barely miss something. The kobold barely misses you.
You hear some strange, mumbled words.
You are confused.
The goblin shoots a sling bullet.
The sling bullet hits you but does no damage.
Are you sure you want to stumble around while confused and next to your butterfly? [Y]es or [N]o only, please.
Are you sure you want to stumble around while confused and next to your butterfly?
You bump into the rock wall.
Something hits you but does no damage. The kobold barely misses you.
The goblin shoots a sling bullet.
The sling bullet misses you.
You bump into the rock wall.
The kobold barely misses you.
The goblin shoots a sling bullet.
You hear some strange, mumbled words.
You are more confused.
It was a potion of curing.
You feel better. The kobold misses you.
The goblin shoots a sling bullet.
Something hits you!
* * * LOW HITPOINT WARNING * * *
Unknown command.
You closely miss something. Your claw misses something.
The kobold hits you but does no damage.
The goblin shoots a sling bullet.
The sling bullet hits you.
* * * LOW HITPOINT WARNING * * *
It was a potion of invisibility.
You fade into invisibility!
The kobold barely misses you. Something hits you.
You die...

#. #. .. #. ..
#.### ....##.g.
......gB######.
#{K....:.
#@###....
#.##b# . #..b.#
#.#..# # #..#
#..# #.## #. ..
#


You could see a giant cockroach (unable to see you), a hobgoblin (unable to see
you), a goblin (unable to see you) and a kobold (unable to see you).

Vanquished Creatures
  An endoplasm (D:1)
  A giant cockroach (D:1)
  2 goblins
  2 hobgoblins (D:1)
  3 quokkas
  2 bats (D:1)
  A frilled lizard (D:1)
  2 kobolds (D:1)
  2 rats (D:1)
16 creatures vanquished.

Notes
Turn   | Place    | Note
-------+----------+-------------------------------------------
     0 | D:1      | RegularBeans the Demonspawn Chaos Knight began the quest
                  | for the Orb.
     0 | D:1      | Reached XP level 1. HP: 18/18 MP: 1/1
   226 | D:1      | Gained mutation: You have sharp fingernails. [demonic
                  | ancestry]
   226 | D:1      | Reached XP level 2. HP: 24/24 MP: 2/2
   415 | D:1      | XOM: silly message
   489 | D:1      | Found Vaolofir's Jewellery Shop.
   732 | D:2      | Noticed Sigmund
   737 | D:2      | XOM: butterfly on damage
   750 | D:2      | Slain by Sigmund

Illustrated notes

Levels and vault maps discovered:
D:1:      onia_arrival_pyramid, layout_rooms, serial_shops, shop_statue,
          serial_bayou_lagoon_a
D:2:      layout_basic, serial_forest, infiniplex_forest_lined_4_way,
          infiniplex_forest_lined_room_2, infiniplex_forest_lined_3,
          infiniplex_forest_clump_tiny, infiniplex_forest_lined_1,
          infiniplex_forest_lined_room_2, infiniplex_forest_clump_small,
          infiniplex_forest_lined_2, infiniplex_forest_end_3, st_stairs_2,
          uniq_sigmund

Skill      XL: |  1  2 |
---------------+-------+-----
Armour         | 2 |  2.0
Long Blades    | 3 |  3.0
Fighting       | |  3.1
Dodging        | |  0.8
Stealth        | |  0.5
Evocations     | |  0.4

Action                   || total
-------------------------++-------
Melee: Falchion          ||    44
Evoke: Piece from Xom's  ||    15
  Use: Potion            ||     2
 Stab: Paralysed         ||     2
       Sleeping          ||     2
       Petrified         ||     1
Armor: Leather armour    ||    18
Dodge: Dodged            ||    27

Table legend: (Time is in decaauts)
 A = Elapsed time spent in this place.
 B = Non-inter-level travel time spent in this place.
 C = Inter-level travel time spent in this place.
 D = Time resting spent in this place.
 E = Time spent auto-exploring this place.
 F = Levels seen in this place.
 G = Mean time per level.
                   A        B        C        D        E       F      G
               +--------+--------+--------+--------+--------+-----+--------+
         Total |    769 |    726 |     43 |      0 |    589 |   2 |  384.5 |
       Dungeon |    769 |    726 |     43 |      0 |    589 |   2 |  384.5 |
               +--------+--------+--------+--------+--------+-----+--------+

Top non-repeatable levels by time:
     D:1: 636 daAuts
     D:2: 132 daAuts
